AoeStats
← Balou

Arabia

510312405Analyzed
2v2 RM · 3d ago on Sep 30, 2026· 27m 58s· 4 players
Game mode
Random Map
Map size
Medium (4 player)
Population
200
Speed
Normal
Resources
Standard
Victory
Conquest
Starting age
Dark Age
Ending age
Imperial Age
RankedLock teamsTeams togetherTeam positionsShared explorationLock speedFull tech treeHidden civsTurbo modeCheats
Victory
Defeat
🇰🇿 Vietnamese · Kazakhstan
1108
+14
🇰🇿 Franks · Kazakhstan
1085
+15
🇫🇷 Hindustanis · France
1082
-15
🇫🇷 Khitans · France
1066
-14
Colonel Jam
8:43 Loom
11:29 Feudal Age
16:08 Forging
21:09 Castle Age
19:24 Town Watch
20:07 Scale Barding Armor
20:02 Double-Bit Axe
20:07 Domestication
20:47 Gold Mining
Balou
8:37 Loom
10:36 Feudal Age
11:16 Double-Bit Axe
14:42 Scale Barding Armor
20:15 Bloodlines
21:01 Forging
22:12 Town Watch
BatuKhan
2:15 Loom
11:41 Feudal Age
14:36 Fletching
15:27 Padded Archer Armor
25:07 Castle Age
25:16 Gold Mining
25:13 Crossbowman
25:59 Bodkin Arrow
27:07 Thumb Ring
26:37 Elite Skirmisher
27:48 Leather Archer Armor
Samuraika01
12:34 Feudal Age
16:55 Castle Age
15:59 Double-Bit Axe
25:10 Scale Barding Armor
25:56 Forging
27:29 Husbandry
28:16 Wheelbarrow
28:13 Gold Mining
Connection lost

Rejoining the realm…

Still unreachable

The connection could not be restored.

Session expired

The server has moved on; the page needs a fresh start.